NCAA
IOWA HAWKEYES @ TENNESSEE VOLUNTEERS
05/03/2023
 
TOP OF THE 1ST
Iowa Hawkeyes batting - Pitching for Tennessee Volunteers : LHP Pepe Pérez
Pitching: LHP Pepe Pérez
Batting: RHB Rusty Anderson 0-0: Ball
1-0: Ground out 5-3 (Groundball, 5S)
Batting: RHB Joe Zapata 0-0: Called Strike
0-1: Called Strike
0-2: Ball
1-2: Ball
2-2: Ball
3-2: Strikes out swinging
Batting: RHB Cedric Price 0-0: Foul Ball, location: 2F
0-1: Hit by Pitch
Batting: LHB Rob Davidson 0-0: Fly out, F8 (Popup, 8LS)
Top of the 1st over - 0 run(s), 0 hit(s), 0 error(s), 1 left on base; Iowa 0 - Tennessee 0
BOTTOM OF THE 1ST
Tennessee Volunteers batting - Pitching for Iowa Hawkeyes : RHP José Pérez
Pitching: RHP José Pérez
Batting: RHB Robert Stevens 0-0: Fly out, F7 (Flyball, 78M)
Batting: RHB Jesús Villegas 0-0: Ball
1-0: Ball
2-0: Ball
3-0: Called Strike
3-1: DOUBLE (Flyball, 8RXD)
Batting: LHB Alejandro Rojas 0-0: Ball
1-0: Swinging Strike
1-1: Called Strike
1-2: Strikes out swinging
Batting: RHB Brian Parks 0-0: Ground out 4-3 (Groundball, 4MS)
Bottom of the 1st over - 0 run(s), 1 hit(s), 0 error(s), 1 left on base; Iowa 0 - Tennessee 0
TOP OF THE 2ND
Iowa Hawkeyes batting - Pitching for Tennessee Volunteers : LHP Pepe Pérez
Batting: SHB Júlio Valentín 0-0: Foul Ball, location: 2F
0-1: Ball
1-1: Ball
2-1: Called Strike
2-2: Ball
3-2: Base on Balls
Batting: RHB Craig Chapman 0-0: Grounds into double play, 1-4-3 (Groundball, 13S)
Batting: RHB José Gonzáles 0-0: Called Strike
0-1: Fly out, F2 (Popup, 2R)
Top of the 2nd over - 0 run(s), 0 hit(s), 0 error(s), 0 left on base; Iowa 0 - Tennessee 0
BOTTOM OF THE 2ND
Tennessee Volunteers batting - Pitching for Iowa Hawkeyes : RHP José Pérez
Batting: RHB Travis Colbert 0-0: Ball
1-0: Foul Ball, location: 2F
1-1: Foul Ball, location: 2F
1-2: Strikes out swinging
Batting: RHB Ken Sánchez 0-0: Fly out, F8 (Flyball, 8LM)
Batting: RHB Aaron Washington 0-0: SINGLE (Groundball, 6MD)
Batting: RHB Michael Sawyer 0-0: Ball
1-0: Foul Ball, location: 2F
1-1: Swinging Strike
1-2: Ground out 1-3 (Groundball, 13S)
Bottom of the 2nd over - 0 run(s), 1 hit(s), 0 error(s), 1 left on base; Iowa 0 - Tennessee 0
TOP OF THE 3RD
Iowa Hawkeyes batting - Pitching for Tennessee Volunteers : LHP Pepe Pérez
Batting: RHB Manuel Gómez 0-0: Foul Ball, location: 2F
0-1: SOLO HOME RUN (Flyball, 8LXD), Distance : 394 ft
Batting: RHB Tucker Waters 0-0: Foul Ball, location: 2F
0-1: Swinging Strike
0-2: Strikes out looking
Batting: RHB Rusty Anderson 0-0: Reached on error, E6 (Groundball, 6)
Batting: RHB Joe Zapata 0-0: Foul Ball, location: 2F
0-1: Ball
1-1: Ball
2-1: Ball
Rusty Anderson steals 3rd base
3-1: Called Strike
3-2: Foul Ball, location: 2F
3-2: Base on Balls
Batting: RHB Cedric Price 0-0: Called Strike
0-1: Called Strike
0-2: Ball
1-2: Grounds into double play, 6-4-3 (Groundball, 56)
Top of the 3rd over - 1 run(s), 1 hit(s), 1 error(s), 1 left on base; Iowa 1 - Tennessee 0
BOTTOM OF THE 3RD
Tennessee Volunteers batting - Pitching for Iowa Hawkeyes : RHP José Pérez
Batting: RHB Courtnay Beck 0-0: Foul Ball, location: 2F
0-1: Fly out, F4 (Popup, 4D)
Batting: RHB Robert Stevens 0-0: Ground out 6-3 (Groundball, 6)
Batting: RHB Jesús Villegas 0-0: Ball
1-0: Ball
2-0: SINGLE (Line Drive, 6D)
Batting: LHB Alejandro Rojas 0-0: Foul Ball, location: 2F
0-1: Swinging Strike
0-2: Ball
1-2: Foul Ball, location: 2F
1-2: Ball
2-2: Ball
3-2: Ground out 5-3 (Groundball, 5S)
Bottom of the 3rd over - 0 run(s), 1 hit(s), 0 error(s), 1 left on base; Iowa 1 - Tennessee 0
TOP OF THE 4TH
Iowa Hawkeyes batting - Pitching for Tennessee Volunteers : LHP Pepe Pérez
Batting: LHB Rob Davidson 0-0: Called Strike
0-1: Called Strike
0-2: Strikes out swinging
Batting: SHB Júlio Valentín 0-0: Ball
1-0: Swinging Strike
1-1: Called Strike
1-2: Ball
2-2: Ground out 1-3 (Groundball, 15S)
Batting: RHB Craig Chapman 0-0: Ball
1-0: Called Strike
1-1: Fly out, F8 (Flyball, 8LM)
Top of the 4th over - 0 run(s), 0 hit(s), 0 error(s), 0 left on base; Iowa 1 - Tennessee 0
BOTTOM OF THE 4TH
Tennessee Volunteers batting - Pitching for Iowa Hawkeyes : RHP José Pérez
Batting: RHB Brian Parks 0-0: Foul Ball, location: 2F
0-1: Called Strike
0-2: Ball
1-2: Foul Ball, location: 2F
1-2: Strikes out looking
Batting: RHB Travis Colbert 0-0: Ball
1-0: Ball
2-0: Swinging Strike
2-1: Swinging Strike
2-2: Strikes out looking
Batting: RHB Ken Sánchez 0-0: Ball
1-0: Foul Ball, location: 2F
1-1: Ball
2-1: Ball
3-1: Base on Balls
Batting: RHB Aaron Washington 0-0: Ball
1-0: Called Strike
1-1: Swinging Strike
1-2: Ball
2-2: Ball
3-2: SINGLE (Groundball, 34)
Ken Sánchez to second
Ken Sánchez to third
Batting: RHB Michael Sawyer 0-0: Foul Ball, location: 2F
0-1: Ball
1-1: Ball
2-1: Swinging Strike
2-2: Strikes out swinging
Bottom of the 4th over - 0 run(s), 1 hit(s), 0 error(s), 2 left on base; Iowa 1 - Tennessee 0
TOP OF THE 5TH
Iowa Hawkeyes batting - Pitching for Tennessee Volunteers : LHP Pepe Pérez
Batting: RHB José Gonzáles 0-0: Ball
1-0: Called Strike
1-1: Called Strike
1-2: Strikes out swinging
Batting: RHB Manuel Gómez 0-0: Ball
1-0: Fly out, F9 (Flyball, 9LM)
Batting: RHB Tucker Waters 0-0: Foul Ball, location: 2F
0-1: Swinging Strike
0-2: Strikes out looking
Top of the 5th over - 0 run(s), 0 hit(s), 0 error(s), 0 left on base; Iowa 1 - Tennessee 0
BOTTOM OF THE 5TH
Tennessee Volunteers batting - Pitching for Iowa Hawkeyes : RHP José Pérez
Batting: RHB Courtnay Beck 0-0: Called Strike
0-1: Swinging Strike
0-2: Strikes out swinging
Batting: RHB Robert Stevens 0-0: Called Strike
0-1: Ground out 1-3 (Groundball, 23)
Batting: RHB Jesús Villegas 0-0: Ball
1-0: Called Strike
1-1: Foul Ball, location: 2F
1-2: Ball
2-2: Strikes out looking
Bottom of the 5th over - 0 run(s), 0 hit(s), 0 error(s), 0 left on base; Iowa 1 - Tennessee 0
TOP OF THE 6TH
Iowa Hawkeyes batting - Pitching for Tennessee Volunteers : LHP Pepe Pérez
Batting: RHB Rusty Anderson 0-0: Swinging Strike
0-1: Ball
1-1: Ball
2-1: Foul Ball, location: 2F
2-2: SOLO HOME RUN (Flyball, 78XD), Distance : 362 ft
Batting: RHB Joe Zapata 0-0: Ball
1-0: Ball
2-0: Fly out, F2 (Popup, 23F)
Batting: RHB Cedric Price 0-0: Called Strike
0-1: Ball
1-1: Foul Ball, location: 2F
1-2: SINGLE (Groundball, 56)
Batting: LHB Rob Davidson 0-0: Ball
1-0: Fly out, F7 (Flyball, 7D)
Runner from 1st tags up, SAFE at 2nd
Batting: SHB Júlio Valentín 0-0: Called Strike
Cedric Price steals 3rd base
0-1: Ball
1-1: Foul Ball, location: 2F
1-2: Ground out 4-3 (Groundball, 4)
Top of the 6th over - 1 run(s), 2 hit(s), 0 error(s), 1 left on base; Iowa 2 - Tennessee 0
BOTTOM OF THE 6TH
Tennessee Volunteers batting - Pitching for Iowa Hawkeyes : RHP José Pérez
Batting: LHB Alejandro Rojas 0-0: Called Strike
0-1: Hit by Pitch
Batting: RHB Brian Parks 0-0: Called Strike
0-1: Ball
1-1: Called Strike
1-2: Strikes out swinging
Batting: RHB Travis Colbert 0-0: Ball
Alejandro Rojas is caught stealing 2nd base
1-0: Ball
2-0: Fly out, F9 (Flyball, 9M)
Bottom of the 6th over - 0 run(s), 0 hit(s), 0 error(s), 0 left on base; Iowa 2 - Tennessee 0
TOP OF THE 7TH
Iowa Hawkeyes batting - Pitching for Tennessee Volunteers : LHP Pepe Pérez
Batting: RHB Craig Chapman 0-0: Ball
1-0: Foul Ball, location: 2F
1-1: Swinging Strike
1-2: Fly out, F4 (Line Drive, 4)
Batting: RHB José Gonzáles 0-0: Ball
1-0: Ball
2-0: Ball
3-0: Called Strike
3-1: Foul Ball, location: 2F
3-2: Base on Balls
Pitching: RHP Tom Fisher
Batting: RHB Manuel Gómez 0-0: Ball
1-0: Foul Ball, location: 2F
1-1: Foul Ball, location: 2F
1-2: Ball
2-2: Strikes out looking
Batting: RHB Tucker Waters 0-0: SINGLE (Line Drive, 34)
José Gonzáles to second
Batting: RHB Rusty Anderson 0-0: Ball
1-0: Fielders Choice at 2nd, U6 (Groundball, 6M)
Top of the 7th over - 0 run(s), 1 hit(s), 0 error(s), 2 left on base; Iowa 2 - Tennessee 0
BOTTOM OF THE 7TH
Tennessee Volunteers batting - Pitching for Iowa Hawkeyes : RHP José Pérez
Batting: RHB Ken Sánchez 0-0: Foul Ball, location: 2F
0-1: Ball
1-1: Ground out 6-3 (Groundball, 6)
Pitching: LHP Héctor Escobar
Batting: RHB Aaron Washington 0-0: Ball
1-0: Called Strike
1-1: Ball
2-1: Ball
3-1: Base on Balls
Batting: RHB Michael Sawyer 0-0: Called Strike
0-1: Ball
1-1: Ball
2-1: Ball
3-1: Foul Ball, location: 2F
3-2: DOUBLE (Flyball, 78M)
Aaron Washington to third
Aaron Washington scores
Batting: RHB Courtnay Beck 0-0: Ball
1-0: Ball
2-0: Ground out 4-3 (Groundball, 4)
Michael Sawyer to third
Batting: RHB Robert Stevens 0-0: Ball
1-0: Ball
2-0: Ball
3-0: Called Strike
3-1: Swinging Strike
3-2: Base on Balls
Batting: RHB Jesús Villegas 0-0: Ball
1-0: Ball
2-0: Ball
3-0: Base on Balls
Robert Stevens to second
Batting: LHB Alejandro Rojas 0-0: Ball
1-0: Ball
2-0: Called Strike
2-1: Ground out U3 (Groundball, 3)
Bottom of the 7th over - 1 run(s), 1 hit(s), 0 error(s), 3 left on base; Iowa 2 - Tennessee 1
TOP OF THE 8TH
Iowa Hawkeyes batting - Pitching for Tennessee Volunteers : RHP Tom Fisher
Batting: RHB Joe Zapata 0-0: Swinging Strike
0-1: Swinging Strike
0-2: Ball
1-2: Ball
2-2: Ground out 5-3 (Groundball, 5S)
Batting: RHB Cedric Price 0-0: Ball
1-0: Fly out, F7 (Line Drive, 7D)
Batting: LHB Rob Davidson 0-0: Swinging Strike
0-1: Ball
1-1: Foul Ball, location: 2F
1-2: Ball
2-2: Strikes out swinging
Top of the 8th over - 0 run(s), 0 hit(s), 0 error(s), 0 left on base; Iowa 2 - Tennessee 1
BOTTOM OF THE 8TH
Tennessee Volunteers batting - Pitching for Iowa Hawkeyes : LHP Héctor Escobar
Pitching: RHP Nick Whaley
Batting: RHB Brian Parks 0-0: Ball
1-0: Ball
2-0: Foul Ball, location: 2F
2-1: Swinging Strike
2-2: SINGLE (Line Drive, 9S)
Batting: RHB Travis Colbert 0-0: Ball
1-0: Called Strike
1-1: SINGLE (Line Drive, 4MD)
Brian Parks to second
Batting: RHB Ken Sánchez 0-0: Ball
1-0: Ball
2-0: Called Strike
2-1: Fielders Choice at 2nd, 6-4 (Groundball, 6M)
Brian Parks to third
Batting: RHB Aaron Washington 0-0: Called Strike
0-1: Ball
1-1: Ball
2-1: Called Strike
2-2: Foul Ball, location: 2F
2-2: Fly out, F9 (Flyball, 9S)
Batting: RHB Michael Sawyer 0-0: Foul Ball, location: 2F
0-1: Ground out 6-3 (Groundball, 6)
Bottom of the 8th over - 0 run(s), 2 hit(s), 0 error(s), 2 left on base; Iowa 2 - Tennessee 1
TOP OF THE 9TH
Iowa Hawkeyes batting - Pitching for Tennessee Volunteers : RHP Tom Fisher
Pitching: RHP Chris Jennings
Batting: SHB Júlio Valentín 0-0: DOUBLE (Line Drive, 9M)
Batting: RHB Craig Chapman 0-0: Intentional Walk
Batting: RHB José Gonzáles 0-0: Ball
1-0: Ball
2-0: Called Strike
2-1: Sac Bunt - play at first, batter OUT! 3-4
Júlio Valentín to third
Craig Chapman to second
Batting: RHB Manuel Gómez 0-0: Intentional Walk
Batting: RHB Tucker Waters 0-0: Ball
1-0: Called Strike
1-1: Ball
2-1: Foul Ball, location: 2F
2-2: SINGLE (Groundball, 56D)
Júlio Valentín scores
Craig Chapman to third
Manuel Gómez to second
Runner from 3rd tries for Home, SAFE, no throw or cutoff
Batting: RHB Rusty Anderson 0-0: Called Strike
0-1: TRIPLE (Flyball, 9LM)
Manuel Gómez scores
Tucker Waters scores
Pitching: RHP Cordell Moore
Batting: RHB Joe Zapata 0-0: Ball
1-0: Reached on error, E5 (Groundball, 56)
Rusty Anderson scores
Batting: RHB Cedric Price 0-0: Ball
1-0: Called Strike
1-1: Swinging Strike
1-2: Strikes out swinging
Batting: LHB Rob Davidson 0-0: Ball
1-0: Ball
2-0: Ball
3-0: Base on Balls
Joe Zapata to second
Batting: SHB Júlio Valentín 0-0: Called Strike
0-1: SINGLE (Groundball, 5D)
Joe Zapata to third
Rob Davidson to second
Runner from 3rd tries for Home, SAFE, no throw or cutoff
Batting: RHB Craig Chapman 0-0: Ball
1-0: Called Strike
1-1: SINGLE (Groundball, 56D)
Rob Davidson to third
Júlio Valentín to second
Runner from 3rd tries for Home, SAFE, no throw or cutoff
Batting: RHB José Gonzáles 0-0: Ball
1-0: Ball
2-0: Ball
3-0: Base on Balls
Júlio Valentín to third
Craig Chapman to second
Batting: RHB Manuel Gómez 0-0: Foul Ball, location: 2F
0-1: GRAND SLAM HOME RUN (Flyball, 7LD), Distance : 333 ft
Batting: RHB Tucker Waters 0-0: Ground out 1-3 (Groundball, 23)
Top of the 9th over - 11 run(s), 6 hit(s), 1 error(s), 0 left on base; Iowa 13 - Tennessee 1
BOTTOM OF THE 9TH
Tennessee Volunteers batting - Pitching for Iowa Hawkeyes : RHP Nick Whaley
Now at 1B: Jacob Hill
Now in CF: Chester Moore
Batting: RHB Courtnay Beck 0-0: Ball
1-0: Swinging Strike
1-1: Foul Ball, location: 2F
1-2: Foul Ball, location: 2F
1-2: Ball
2-2: Strikes out swinging
Batting: RHB Robert Stevens 0-0: Called Strike
0-1: Ball
1-1: Ball
2-1: Swinging Strike
2-2: Ball
3-2: Strikes out swinging
Pinch Hitting: RHB Kevin Manning 0-0: Called Strike
0-1: Called Strike
0-2: Foul Ball, location: 2F
0-2: Strikes out swinging
Bottom of the 9th over - 0 run(s), 0 hit(s), 0 error(s), 0 left on base; Iowa 13 - Tennessee 1
This league is powered by Out of the Park Baseball, the baseball management simulation game for PC, Mac and Linux
Wednesday, December 2nd, 2015 - OOTP Baseball 16.8 Build 38